 Dungeon Crawl Stone Soup version 0.30.0-16-gbe6223bb7e (webtiles) character file.

Game seed: 17535102700126926813

622 Pooter the Chopper (level 7, -1/93 HPs)
             Began as a Minotaur Berserker on May 20, 2023.
             Was a Priest of Trog.
             Slain by Menkaure (15 damage)
             ... on level 5 of the Dungeon.
             The game lasted 00:16:57 (4662 turns).

Pooter the Chopper (Minotaur Berserker)             Turns: 4662, Time: 00:16:58

Health: -1/93      AC:  6    Str: 23    XL:     7   Next: 22%
Magic:  6/6        EV: 10    Int:  4    God:    Trog [***...]
Gold:   287        SH:  0    Dex: 10    Spells: 6/6 levels left

rFire   . . .        a - +0 halberd
rCold   . . .        (shield currently unavailable)
rNeg    . . .        y - +0 scale mail
rPois   .            (helmet restricted)
rElec   .            (no cloak)
rCorr   .            (no gloves)
SInv    .            (no boots)
Will    .....        (no amulet) Stlth
                     (no ring)
HPRegen 0.35/turn    (no ring)
MPRegen 0.10/turn

%: no passive effects
@: berserking, very quick
A: horns 2, retaliatory headbutt
a: Renounce Religion, Berserk, Trog's Hand


You were on level 5 of the Dungeon.
You worshipped Trog.
Trog was most pleased with you.
You visited 1 branch of the dungeon, and saw 6 of its levels.

You collected 287 gold pieces.

Inventory:

Hand Weapons
 a - a +0 halberd (weapon)
   (You took it off a gnoll on level 3 of the Dungeon)
 b - a +0 shortbow
   (You took it off a centaur on level 5 of the Dungeon)
 t - a +0 hand axe
Missiles
 e - 6 atropa-tipped darts
 f - 6 javelins
 j - 5 poisoned darts
 l - 7 boomerangs (quivered)
 u - a throwing net {!f}
 Q - 55 stones
Armour
 y - a +0 scale mail (worn)
   (You took it off an orc on level 4 of the Dungeon)
Wands
 v - a wand of charming (9)
   (You found it on level 4 of the Dungeon)
Scrolls
 c - a scroll of amnesia {unknown}
 g - a scroll of summoning
 h - 3 scrolls of teleportation {unknown}
 n - 2 scrolls of poison {!r}
 q - a scroll of silence
 s - 3 scrolls of immolation {unknown}
 w - 3 scrolls of fog {unknown}
 z - a scroll of vulnerability {unknown}
 A - a scroll of enchant armour {unknown}
Potions
 d - a potion of attraction {unknown}
 i - a potion of haste {unknown}
 k - 2 potions of invisibility {unknown}
 m - a potion of flight {unknown}
 o - 2 potions of might {unknown}
 p - a potion of curing {unknown}
 r - a potion of mutation {unknown}
 x - 2 potions of heal wounds {unknown}
 B - a potion of berserk rage {unknown}


   Skills:
 + Level 5.6 Fighting
 * Level 7.2 Axes
 * Level 4.8 Ranged Weapons
 - Level 2.4 Armour
 - Level 2.1 Dodging


You had 6 spell levels left.
You didn't know any spells.
Your spell library was empty.

Dungeon Overview and Level Annotations

Branches:
Dungeon (6/15)
 Temple: D:4-7

Altars:
Gozag
Qazlal
Vehumet

Annotations:
D:5 3 runed translucent doors, Menkaure; bairyn's ghost, novice AtFi


Innate Abilities, Weirdness & Mutations

You have a pair of horns on your head.
You reflexively headbutt those who attack you in melee.


Message History

You kill the frilled lizard!
Trog accepts your kill.
No target in view!
You see here a frilled lizard corpse.
You see here a frilled lizard corpse.
You see here a frilled lizard corpse.
The orc shouts!
You hear a bark!
The orc warrior shouts!
Could not explore, unopened runed door.
Bairyn's ghost says, "What do you have that I didn't have?"
There is a stone staircase leading down here.
You climb downwards.
Menkaure shouts!
The gnoll shouts! x3; You hear a shout! x2
Found a fluorescent wand, 6 gold pieces and a viscous red potion.
Found an escape hatch in the floor.
Found a stone staircase leading up.
There is a stone staircase leading up here.
Okay, then.
Aim: a gnoll, wielding a +0 spear (chance to affect: 57%)
The gnoll is charmed.
The gnoll throws a throwing net.
The throwing net hits you.
You become entangled in the net!
You tear a large gash into the net.
You shred the net and break free!
The ice beast hits you but does no damage.
Found 16 gold pieces.
Menkaure casts a spell at you. Pain shoots through your body!
The ice beast hits you but does no damage.
The gnoll misses you.
A gnoll bouda comes into view. It is wielding a +0 whip.
There is a stone staircase leading up here.
The ice beast hits you. The ice beast freezes you!
The gnoll hits you from afar with a +0 spear.
You climb upwards.
Level annotation: 3 runed translucent doors, bairyn's ghost, novice AtFi
There is a stone staircase leading down here.
A red film seems to cover your vision as you go berserk!
You feel yourself moving faster!
You feel mighty!
Menkaure calls on the powers of darkness!
Your gnoll convulses!
Your body is wracked with pain!
* * * LOW HITPOINT WARNING * * *
The ice beast convulses!
Your gnoll hits Menkaure with a +0 spear.
The ice beast hits you.
* * * LOW HITPOINT WARNING * * *
The ice beast freezes you!
* * * LOW HITPOINT WARNING * * *
You slash Menkaure! Menkaure hits you!
You die...

#.#.#
####.####.#####.......#....
#.#.# #...)...#.#
#............ ..#.#
#.......#.#####..####...###
.##.#
#.......#..............##
.##.#
#.......#..#####.#######
....# #.......#..#####.#
###.# #.......#.....##.#
#.# #.......##Y##.##.# #.#
##########@##.##.# #.#
#Mg.....# #.#
#########.#### #.#
#.......#.# #.# #.#...#.#[#
#.### #.#.#.#.#.#
#...#####.#.......#
###..........##.###
#######.#####.#


You could see an ice beast, Menkaure (ally target) and a friendly gnoll
(charmed).

Vanquished Creatures
  A centaur (D:5)
  A phantom (D:5)
  A scorpion (D:5)
  A howler monkey (D:4)
  3 hounds
  An orc priest (D:3)
  3 iguanas (D:5)
  5 adders
  3 gnolls (D:3)
  A white imp (D:5)
  A worm (D:2)
  7 orcs
  7 ball pythons
  6 endoplasms
  3 giant cockroaches
  8 goblins
  4 hobgoblins
  6 jackals
  6 quokkas
  4 bats
  12 frilled lizards
  6 kobolds
  7 rats
97 creatures vanquished.

Notes
Turn   | Place    | Note
-------+----------+-------------------------------------------
     0 | D:1      | Pooter the Minotaur Berserker began the quest for the Orb.
     0 | D:1      | Reached XP level 1. HP: 19/19 MP: 0/0
   109 | D:1      | Reached skill level 4 in Axes
   147 | D:1      | Reached XP level 2. HP: 18/27 MP: 1/1
   929 | D:2      | Reached ** piety under Trog
   988 | D:2      | Reached XP level 3. HP: 33/33 MP: 2/2
  1259 | D:2      | Reached skill level 1 in Ranged Weapons
  1545 | D:2      | Reached skill level 5 in Axes
  2003 | D:3      | Reached XP level 4. HP: 41/41 MP: 3/3
  2228 | D:3      | Reached XP level 5. HP: 27/47 MP: 4/4
  2969 | D:4      | Reached *** piety under Trog
  2975 | D:4      | Reached skill level 6 in Axes
  3039 | D:4      | Reached skill level 5 in Fighting
  3123 | D:4      | Found a radiant altar of Vehumet.
  3556 | D:5      | Entered Level 5 of the Dungeon
  3563 | D:5      | Reached XP level 6. HP: 38/56 MP: 5/5
  3681 | D:5      | Found a stormy altar of Qazlal.
  4079 | D:5      | Found a runed translucent gate.
  4079 | D:5      | Found a runed translucent gate.
  4079 | D:5      | Found an opulent altar of Gozag.
  4079 | D:5      | Found a runed translucent gate.
  4081 | D:5      | Noticed bairyn's ghost (novice AtFi)
  4081 | D:5      | Noticed an orc warrior
  4081 | D:5      | Noticed an orc warrior
  4421 | D:5      | Reached skill level 7 in Axes
  4421 | D:5      | Reached XP level 7. HP: 50/61 MP: 6/6
  4653 | D:6      | Noticed Menkaure
  4662 | D:5      | Slain by Menkaure

Illustrated notes

Levels and vault maps discovered:
D:1:      kennysheep_arrival_seaside, layout_loops_ring, st_stairs_2,
          serial_bayou_pond_a
D:2:      layout_loops_ring, minmay_door_square, chequers_serial_rivers_small_a
D:3:      wad_woods_settlement, layout_basic
D:4:      layout_loops_cross, mainiacjoe_overflow_surrounded_room
D:5:      layout_loops_cross, mainiacjoe_overflow_chevrons, ebering_ghost_gozag,
          minmay_lizard_king
D:6:      layout_basic, gammafunk_temple_overflow_pools,
          minmay_temple_entry_arrows, uniq_menkaure

Skill      XL: |  1  2  3  4  5  6 |
---------------+-------------------+-----
Axes           | 4 5 6 7 |  7.2
Fighting       | 4 5 |  5.6
Ranged Weapons | 1 2 3 4 |  4.8
Armour         | |  2.4
Dodging        | |  2.1

Action                     |  1- 3 |  4- 6 |  7- 9 || total
---------------------------+-------+-------+-------++-------
  Melee: Hand axe          |    69 |     2 |       ||    71
         Headbutt          |    13 |    12 |     2 ||    27
         Punch             |     1 |       |       ||     1
         Halberd           |       |   103 |    15 ||   118
   Fire: Sling             |    47 |     2 |       ||    49
  Throw: Boomerang         |       |     3 |       ||     3
 Invoke: Berserk           |     1 |     2 |     1 ||     4
         Trog's Hand       |       |     1 |       ||     1
  Evoke: Wand              |       |       |     1 ||     1
    Use: Scroll            |     2 |     1 |       ||     3
   Stab: Sleeping          |     2 |     1 |       ||     3
 Armour: Animal skin       |    14 |     3 |       ||    17
         Ring mail         |       |     3 |       ||     3
         Scale mail        |       |    12 |     3 ||    15
  Dodge: Dodged            |    44 |    69 |     7 ||   120
